[Event "FIDE CB Open 2022"]
[Site "Ceske Budejovice"]
[Date "2022.07.01"]
[Round "1.10"]
[White "Zaza, Martin"]
[Black "Dotzer, Lukas"]
[Result "0-1"]
[ECO "B50"]
[WhiteElo "1911"]
[BlackElo "2269"]
[Annotator "ChessBase"]
[PlyCount "80"]
[EventDate "2022.07.01"]
[EventType "swiss"]
[EventCountry "CZE"]
[SourceTitle "playchess.com"]
[Source "ChessBase"]
[SourceQuality "1"]
[TimeControl "40/5400+30:1800+30"]

1. e4 c5 2. Nf3 e6 3. b3 Nc6 4. Bb2 d6 5. Bb5 Bd7 6. O-O a6 7. Be2 Nf6 8. d3 Qc7 9. Nbd2 Be7 10. a4 O-O 11. Re1 Nh5 12. Ne5 Nxe5 13. Bxh5 Ng6 14. g3 e5 15. Bg4 Bc6 16. Nc4 b5 17. axb5 axb5 18. Rxa8 Rxa8 19. Ne3 Bg5 20. Qe2 Ra2 21. Ra1 Rxa1+ 22. Bxa1 Qa5 23. Qd1 Ne7 24. Kf1 g6 25. Bb2 Bxe3 26. fxe3 f5 27. exf5 gxf5 28. Bh3 Qa8 29. Qa1 Qf8 30. Qa5 Qh6 31. Qd8+ Kf7 32. Bg2 Bxg2+ 33. Kxg2 Qxe3 34. Qxd6 Qe2+ 35. Kh3 Qf1+ 36. Kh4 Ng6+ 37. Kg5 h6+ 38. Kxh6 Qh3+ 39. Kg5 Qg4+ 40. Kh6 Ne7 0-1

[Event "FIDE CB Open 2022"]
[Site "Ceske Budejovice"]
[Date "2022.07.01"]
[Round "1.11"]
[White "Zeman, Matyas"]
[Black "Saravanan Durga"]
[Result "1-0"]
[ECO "A07"]
[WhiteElo "2262"]
[BlackElo "1908"]
[Annotator "TA"]
[PlyCount "134"]
[EventDate "2022.07.01"]
[EventType "swiss"]
[EventCountry "CZE"]
[SourceTitle "playchess.com"]
[Source "ChessBase"]
[SourceQuality "1"]
[TimeControl "40/5400+30:1800+30"]

1. Nf3 d5 2. g3 Nf6 3. Bg2 d4 4. c3 {[%emt 0:07:05] [#]} dxc3 $146 ({Predecessor:} 4... c5 5. cxd4 cxd4 6. Qa4+ Nc6 7. Nxd4 Qc7 8. Nxc6 bxc6 9. Qxc6+ {1-0 (9) Markoja,J (2047)-Martin,H (1414) LSS email 2015}) 5. Nxc3 e6 6. O-O {[%emt 0:02:08] A07: Réti Opening: New York and Capablanca Systems.} Be7 7. d4 O-O 8. Qb3 {[%emt 0:04:09] White is better.} Nc6 {[%emt 0:19:37] [#]} 9. Rd1 $1 Bb4 10. Ne5 a5 11. Nxc6 {[%emt 0:03:50] White is much more active. The black rooks are badly placed.} bxc6 12. a3 Bxc3 13. Qxc3 ({Don't do} 13. Bxc6 Bxb2 14. Qxb2 (14. Bxb2 Ra6 $16) 14... Ra6 $16) 13... Nd5 14. Qxc6 Bd7 (14... Ra6 $16 15. Qc4 f5) 15. Qc2 $18 a4 16. e4 Nb6 17. Bf4 Rc8 18. Rac1 Qf6 19. Qc5 Na8 20. Be5 Qd8 21. d5 Qe8 22. Bc3 f6 23. Bb4 Rf7 24. dxe6 Bxe6 25. e5 {[%emt 0:00:07] [#] Threatens to win with Bc6.} fxe5 26. Re1 Nb6 27. Qxe5 Bd7 {[%emt 0:01:08] Inhibits Bc6.} 28. Rxc7 Qxe5 29. Rxc8+ Bxc8 30. Rxe5 {[%emt 0:00:04] Intending Re8+ and mate.} Rc7 31. h4 ({Weaker is} 31. Bc5 Kf7 32. Bf1 (32. Bxb6 {gets mated.} Rc1+ 33. Bf1 Bh3) 32... Nd7 33. Re7+ Kf6 $18) 31... Kf7 32. Be4 Nc4 33. Bd5+ Kf6 34. Re2 Bf5 (34... h5 $142 35. Bc3+ Kg6) 35. Bc3+ Kg6 36. g4 Bxg4 37. Re4 Bf5 38. Rxc4 Rd7 39. Be4 Bxe4 40. Rxe4 {[%emt 0:00:06][%mdl 4096] Endgame KRB-KR} Ra7 41. Rg4+ Kh6 42. Kg2 g6 43. Kg3 {[%emt 0:00:05] aiming for Rd4.} Ra6 44. h5 {[%emt 0:00:09] White threatens f4 and mate.} Ra7 45. hxg6 {[%emt 0:00:33] White mates.} hxg6 46. f4 g5 47. Rxg5 Rd7 48. Kg4 Rd3 49. f5 Kh7 50. Rg7+ Kh6 51. Rg8 Rd7 52. Rh8+ Rh7 53. Rxh7+ Kxh7 {[%emt 0:00:03] KB-KP} 54. b4 axb3 55. a4 Kg8 56. a5 Kf7 57. a6 Ke7 58. a7 Kd6 59. a8=Q Kc5 60. Qa4 Kd6 61. Qxb3 Kc6 62. f6 Kd7 63. f7 Ke7 64. Bb4+ Kd7 65. f8=R Kc7 66. Ba5+ Kd7 67. Qd5+ Ke7 {[%emt 0:00:04] Weighted Error Value: White=0.05 (flawless) /Black=0.28 (precise)} 1-0

[Event "FIDE CB Open 2022"]
[Site "Ceske Budejovice"]
[Date "2022.07.01"]
[Round "1.12"]
[White "Toman, Jan"]
[Black "Maryasin, Boris"]
[Result "0-1"]
[ECO "B22"]
[WhiteElo "2142"]
[BlackElo "2260"]
[Annotator "RC"]
[PlyCount "50"]
[EventDate "2022.07.01"]
[EventType "swiss"]
[EventCountry "CZE"]
[SourceTitle "playchess.com"]
[Source "ChessBase"]
[SourceQuality "1"]
[TimeControl "40/5400+30:1800+30"]

1. e4 c5 2. c3 Nf6 3. e5 Nd5 4. Nf3 d6 5. exd6 Qxd6 6. d4 g6 7. Na3 a6 8. Bc4 Be6 9. dxc5 Qxc5 10. Qd4 Qxd4 11. Nxd4 Bg7 12. Nxe6 fxe6 13. Be2 Nxc3 14. Bg4 Kf7 15. O-O h5 16. Bf3 Nd5 17. Rd1 Nc6 18. Nc4 Rad8 19. Be3 b5 20. Nb6 Nxe3 21. fxe3 Nb4 22. Be4 Bxb2 23. Rab1 Rxd1+ 24. Rxd1 Nxa2 25. Rd2 Nc3 0-1

[Event "FIDE CB Open 2022"]
[Site "Ceske Budejovice"]
[Date "2022.07.01"]
[Round "1.13"]
[White "Librelato, Kathie Goulart"]
[Black "Ondrejat, Miroslav"]
[Result "1-0"]
[ECO "B52"]
[WhiteElo "2255"]
[BlackElo "1903"]
[Annotator "TA"]
[PlyCount "59"]
[EventDate "2022.07.01"]
[EventType "swiss"]
[EventCountry "CZE"]
[SourceTitle "playchess.com"]
[Source "ChessBase"]
[SourceQuality "1"]
[TimeControl "40/5400+30:1800+30"]

1. e4 c5 2. Nf3 d6 3. Bb5+ Bd7 4. Bxd7+ Qxd7 5. O-O Nc6 6. c3 d5 7. e5 {[%emt 0:03:42] B52: Sicilian: Moscow Variation with 3...Bd7.} e6 8. d4 Nge7 9. dxc5 {[%emt 0:34:35] The position is equal.} Ng6 10. Be3 Ngxe5 11. Nxe5 Nxe5 {[%emt 0:01:36] [#]} 12. Nd2 $146 ({Predecessor:} 12. Bd4 Qc7 13. Bxe5 Qxe5 14. Qa4+ Kd8 15. c4 Bxc5 16. cxd5 Qxb2 17. dxe6 b5 18. Qd1+ Bd4 19. Nc3 Qxc3 20. Rc1 {1-0 (20) Maguire,G (1974)-Eraclides,G (1975) ICCF email 2014}) 12... Nc6 13. Qg4 f5 (13... g6 $11 {is superior.}) 14. Qe2 e5 15. Rad1 Qf7 (15... O-O-O $11 16. Nf3 f4) 16. b4 a6 (16... Be7 $1 $11) 17. Nf3 ({Better is} 17. c4 $16) 17... Be7 $1 $11 18. Bc1 (18. a4 $5 O-O 19. b5 axb5 20. axb5 $11) 18... Bf6 {[%emt 0:02:15] [#]} (18... e4 $11 19. Ng5 Qg6) 19. Nxe5 $1 $16 {[%emt 0:01:16][%mdl 512] White is more active.} Bxe5 (19... Nxe5 20. f4) 20. f4 {[%emt 0:00:08][%mdl 64] Pin} O-O 21. fxe5 Qe6 22. Bf4 h6 23. h4 Rad8 24. Rfe1 ({White should try} 24. a4 $16) 24... d4 $14 25. Qc2 dxc3 26. Qxc3 {[%emt 0:00:19] Black must now prevent Rd6.} Qxa2 (26... Rxd1 $11 {remains equal.} 27. Rxd1 Qxa2) 27. Rd6 $36 {[%emt 0:00:23][%mdl 2048] Hoping for e6. White has strong initiative.} Qf7 (27... Rf7 $16 {is more resistant.}) 28. e6 $18 {[%emt 0:00:26][%cal Be5e6,Be6e7][%mdl 32] White is clearly winning.} Qe7 29. Qg3 {[%emt 0:00:47] And now Bxh6 would win.} Qf6 (29... Kh7 $142 30. Rxc6 bxc6) 30. e7 {[%emt 0:00:35] Weighted Error Value: White=0.26 (precise) /Black=0.53} 1-0

[Event "FIDE CB Open 2022"]
[Site "Ceske Budejovice"]
[Date "2022.07.01"]
[Round "1.14"]
[White "Zeleny, Tomas"]
[Black "Palchuk, Andrii"]
[Result "0-1"]
[ECO "B11"]
[WhiteElo "2136"]
[BlackElo "2248"]
[Annotator "TA"]
[PlyCount "46"]
[EventDate "2022.07.01"]
[EventType "swiss"]
[EventCountry "CZE"]
[SourceTitle "playchess.com"]
[Source "ChessBase"]
[SourceQuality "1"]
[TimeControl "40/5400+30:1800+30"]

1. e4 c6 2. Nc3 d5 3. Nf3 Bg4 4. h3 Bxf3 5. Qxf3 e6 6. Qg3 Nf6 7. d3 Nbd7 {[%emt 0:03:16] B11: Caro-Kann: Two Knights Variation.} 8. Be2 Bb4 9. O-O {[%emt 0:08:02] Hoping for e5.} ({Don't blunder} 9. Qxg7 $2 Rg8 10. Qh6 d4 $19) 9... Bxc3 {[%emt 0:03:52] White is slightly better.} 10. bxc3 {[%emt 0:00:09] [#] Strongly threatening e5.} dxe4 11. Ba3 (11. dxe4 $14 Qa5 12. Bd3 (12. Qxg7 Rg8 $11)) 11... Qa5 $11 12. Bb4 ({Don't play} 12. Qxg7 Rg8 13. Bb4 Qa4 $17) 12... Qe5 {[%emt 0:11:46] [#]} 13. Qxg7 $146 (13. f4 $15 exf3 14. Qxf3) ({Predecessor:} 13. Qxe5 Nxe5 14. dxe4 Nxe4 15. Rfe1 a5 16. Bf1 Nf6 17. Ba3 Ned7 18. c4 b6 19. g4 {½-½ (56) Czebe,A (2350)-Juhasz,L (2165) Balatonbereny 1993}) 13... Rg8 $17 14. Qh6 exd3 {[%emt 0:17:08] Dancing on a razor blade.} 15. Bxd3 c5 $40 {[%emt 0:00:37][%cal Bc6c5,Bc5c4,Bc4c3][%mdl 160] Black wants a kill.} 16. Ba3 Qxc3 17. Qc1 c4 {[%emt 0:01:27] Black is more active.} 18. Bb2 Qb4 19. Be2 {[%emt 0:00:46][%mdl 8192] [#] This costs White the game.} ({White should play} 19. Ba3 $1 $15 Qb5 20. Be2) 19... c3 $1 $19 {[%emt 0:00:11] Black is clearly winning.} 20. Ba3 Qe4 21. Bg4 h5 22. Qd1 {[%emt 0:00:05] Threatens to win with Bf3.} hxg4 23. Qd6 O-O-O {[%emt 0:00:19] Weighted Error Value: White=0.83/Black=0.06 (flawless)} 0-1

[Event "FIDE CB Open 2022"]
[Site "Ceske Budejovice"]
[Date "2022.07.01"]
[Round "1.15"]
[White "Domalchuk-Jonasson, Aleksandr"]
[Black "Vaculik, Martin"]
[Result "1-0"]
[ECO "D22"]
[WhiteElo "2244"]
[BlackElo "2284"]
[Annotator "TA"]
[PlyCount "47"]
[EventDate "2022.07.01"]
[EventType "swiss"]
[EventCountry "CZE"]
[SourceTitle "playchess.com"]
[Source "ChessBase"]
[SourceQuality "1"]
[TimeControl "40/5400+30:1800+30"]

1. d4 d5 2. c4 dxc4 3. Nf3 a6 4. e3 b5 5. a4 Bb7 6. b3 e6 {[%emt 0:00:20] D22: Queen's Gambit Accepted: 3 Nf3 a6 4 e3.} 7. bxc4 $1 {[%emt 0:02:23] 7.bxc4 is better than 7.axb5.} bxc4 8. Bxc4 c5 {[%emt 0:00:05] White has an edge.} 9. O-O cxd4 10. Nxd4 Nf6 11. Qe2 Bd6 {[%emt 0:12:59] [#]} 12. Rd1 $146 ({Predecessor:} 12. Nd2 O-O 13. Bb2 Nbd7 14. a5 Qe7 15. h3 Rfc8 16. Rfc1 Bb4 17. N4b3 e5 18. Bd3 {½-½ (52) Riazantsev,A (2634)-Christiansen,J (2582) Warsaw 2021}) 12... Qe7 13. Nd2 Nbd7 14. N2b3 {[%emt 0:05:21] [#] Strongly threatening Na5.} Ne5 15. Na5 {[%emt 0:04:11][%cal Oc4b5] aiming for Bb5+!} Nxc4 16. Nxb7 Qxb7 17. Qxc4 Rc8 18. Rb1 Rxc4 19. Rxb7 O-O 20. Rb6 Bc5 21. Rc6 {[%emt 0:18:18] Hoping for Nb3.} Ne4 22. Ba3 {[%emt 0:04:23][%cal Od4b3] Threatens to win with Nb3!} Nc3 $2 (22... Rd8 $1 $11 {and Black stays safe.}) 23. Ra1 $18 ({Not} 23. Bxc5 Nxd1 24. Bxf8 Rxc6 25. Nxc6 Kxf8 $11) ({And not} 23. Rxc5 Rxc5 24. Bxc5 Nxd1 25. Bxf8 Kxf8 $11) ({Weaker is} 23. Rc1 Bxa3 24. Rxc4 Bxc1 $14) 23... Nxa4 {[%emt 0:00:56] [#]} 24. Nb3 $1 {[%emt 0:01:59] Weighted Error Value: White=0.04 (flawless) /Black=0.41} 1-0

[Event "FIDE CB Open 2022"]
[Site "Ceske Budejovice"]
[Date "2022.07.01"]
[Round "1.16"]
[White "Hradek, Matyas"]
[Black "Walek, Petr"]
[Result "0-1"]
[ECO "B36"]
[WhiteElo "1888"]
[BlackElo "2237"]
[Annotator "TA"]
[PlyCount "54"]
[EventDate "2022.07.01"]
[EventType "swiss"]
[EventCountry "CZE"]
[SourceTitle "playchess.com"]
[Source "ChessBase"]
[SourceQuality "1"]
[TimeControl "40/5400+30:1800+30"]

1. e4 c5 2. Nf3 g6 3. c4 Nc6 4. d4 cxd4 5. Nxd4 Nf6 6. Nc3 d6 7. Be2 Nxd4 8. Qxd4 Bg7 9. Qd3 {[%emt 0:04:07] B36: Sicilian: Maroczy Bind: Gurgenidze System.} Be6 {[%emt 0:12:31] [#]} 10. O-O $146 ({Predecessor:} 10. Rb1 O-O 11. O-O Nd7 12. Qc2 Ne5 13. Nd5 Rc8 14. Qa4 Nc6 15. Bg5 f5 16. Bd3 h6 {0-1 (28) Yildirim,K (1669)-Buke,F (2044) Antalya 2019}) 10... Nd7 11. f4 {[%emt 0:15:30][%cal Bf2f4,Bf4f5][%mdl 32] Against Ne5. White is slightly better.} Rc8 12. Nd5 Nc5 13. Qf3 a5 ({Black should try} 13... f5 $15) 14. f5 $14 Bxd5 15. exd5 {[%emt 0:07:53] [#] Threatens to win with fxg6.} O-O 16. Rb1 Nd7 17. b3 (17. Be3 $14) 17... Ne5 (17... e6 $1 $11) 18. Qh3 (18. Qe4 $14) 18... b5 $11 19. Bg4 Nxg4 20. Qxg4 Qb6+ 21. Kh1 bxc4 {[%emt 0:00:17][%cal Bb5c4,Bc4c3,Bc3c2][%mdl 32] ...Qb4 is the strong threat.} 22. Bg5 (22. fxg6 $15 fxg6 23. Qe6+ Kh8 24. Bg5) 22... c3 23. Bxe7 $2 {[%emt 0:01:35] This costs White the game.} (23. fxg6 $15 fxg6 24. Rxf8+ Rxf8 25. Qe6+ Kh8 26. Bxe7) 23... c2 24. Rbc1 {[%emt 0:01:34] [#]} Rfe8 $36 {[%emt 0:00:41][%mdl 2048] White must now prevent ...Qd4. Black is in control.} 25. fxg6 hxg6 {[%emt 0:02:10] aiming for ...Rc7.} 26. Rxf7 $2 (26. Bf6) 26... Qe3 $19 27. Bg5 Qxc1+ $1 {[%emt 0:00:11][%mdl 64] Remove Defender, Decoy.  Weighted Error Value: White=1.04/Black=0.20 (precise)} 0-1

[Event "FIDE CB Open 2022"]
[Site "Ceske Budejovice"]
[Date "2022.07.01"]
[Round "1.17"]
[White "Kratochvil, Vit"]
[Black "Simunek, Jakub Simon"]
[Result "1-0"]
[ECO "C00"]
[WhiteElo "2237"]
[BlackElo "1887"]
[Annotator "TA"]
[PlyCount "77"]
[EventDate "2022.07.01"]
[EventType "swiss"]
[EventCountry "CZE"]
[SourceTitle "playchess.com"]
[Source "ChessBase"]
[SourceQuality "1"]
[TimeControl "40/5400+30:1800+30"]

1. e4 e6 2. d3 d5 3. Nd2 c5 4. Ngf3 Nc6 5. g3 Nf6 6. Bg2 Be7 7. O-O O-O 8. e5 Nd7 9. Re1 Qc7 10. Qe2 b5 11. h4 a5 12. Nf1 Nd4 {[%emt 0:02:36] C00: French: Unusual White 2nd moves.} (12... Bb7 $15) 13. Nxd4 $11 cxd4 14. Bf4 Bb7 {[%emt 0:00:37] The position is equal.} 15. Qg4 Rfc8 (15... Qxc2 $2 16. Bh6 g6 17. Rac1 (17. Bxf8 Kxf8 18. Qf4 Qxb2 $11) 17... Qxb2 18. Rc7 $18) 16. Re2 {[%emt 0:01:26] [#]} Bf8 $146 ({Better is} 16... Kh8 $11) ({Predecessor:} 16... a4 17. a3 Qb6 18. h5 b4 19. axb4 Bxb4 20. Bh6 g6 21. hxg6 hxg6 22. Nh2 a3 23. bxa3 Rxa3 24. Rxa3 Bxa3 25. Bf1 Nf8 26. Qh4 Nh7 27. Ng4 {1-0 (27) Tonnicchi,M (1880)-Ginther,R (2003) IECG email 1999}) 17. Nh2 $1 $14 Qb6 18. Nf3 Rc7 19. Bg5 Rac8 20. Rc1 b4 21. Qxd4 (21. h5 $14) 21... Bc5 (21... Qxd4 $11 22. Nxd4 Ba6) 22. Qg4 Ba6 (22... Kh8 $1 $14) 23. Rd2 $40 {[%emt 0:02:25][%mdl 128] White has some attack.} Bxd3 $2 24. Rxd3 {[%emt 0:00:48] And now Rd2 would win.} Bxf2+ 25. Kh2 {[%emt 0:01:29] Threatens to win with Bh6.} Rc4 26. Qh3 (26. Bf4 $18) 26... h6 27. Bf4 {[%emt 0:00:27][%cal Od3d5] aiming for Rxd5!} Rxf4 28. gxf4 Nc5 (28... Be3 $16 29. Rf1 (29. Rxe3 Qxe3 30. Re1 Qxf4+ 31. Qg3 Qxg3+ 32. Kxg3 Rxc2 $15) 29... Bxf4+ 30. Kh1 Nc5) 29. Ne1 $18 {[%emt 0:01:01] Black must now prevent Rxd5.} (29. Rxd5 Ne4 30. Nd4 Rc4) 29... Nxd3 30. Nxd3 Be3 (30... a4 $142 31. f5 Rc4 32. Nxf2 Qxf2) 31. Re1 Bd2 32. Re2 Rxc2 33. f5 {[%emt 0:00:30] Hoping for fxe6.} Qd4 $2 (33... a4 34. fxe6 Qxe6) 34. Qg3 $2 (34. fxe6 {Strongly threatening e7.} fxe6 35. Qxe6+ Kh8 36. Bxd5 $1 Qxh4+ 37. Kg2) 34... exf5 35. e6 fxe6 36. Rxe6 {[%emt 0:00:02] Dancing on a razor blade.} Rc4 {[%emt 0:01:04] [#]} 37. Re2 $2 (37. h5 $1 $18 {White threatens Re8+ and mate.} Qh4+ 38. Qxh4 Rxh4+ 39. Kg1) 37... f4 $2 (37... Qxh4+ $14 38. Qxh4 Rxh4+ 39. Kg3 (39. Kg1 Bf4 $16) 39... Bg5) 38. Qf3 $2 (38. Qg6 Be3 39. Qe6+ Kh8 40. Bxd5 Qxd5 41. Qxd5) 38... Kh8 $2 (38... Be3 39. Qxd5+ (39. Rxe3 $2 fxe3 40. Qxd5+ Kh8 $19) 39... Kf8 40. Qa8+ Ke7) 39. Rxd2 {[%emt 0:00:13] Weighted Error Value: White=0.79/Black=0.46} (39. Re8+ $142 Kh7 40. Qh3) 1-0

[Event "FIDE CB Open 2022"]
[Site "Ceske Budejovice"]
[Date "2022.07.01"]
[Round "1.18"]
[White "Shirinyan, Daniel"]
[Black "Matras, Ondrej"]
[Result "1/2-1/2"]
[ECO "D02"]
[WhiteElo "1876"]
[BlackElo "2229"]
[Annotator "RC"]
[PlyCount "194"]
[EventDate "2022.07.01"]
[EventType "swiss"]
[EventCountry "CZE"]
[SourceTitle "playchess.com"]
[Source "ChessBase"]
[SourceQuality "1"]
[TimeControl "40/5400+30:1800+30"]

1. Nf3 d5 2. g3 Nc6 3. d4 Bg4 4. Nbd2 Qd7 5. Bg2 O-O-O 6. c3 e5 7. Nxe5 Nxe5 8. dxe5 Bc5 9. b4 Bb6 10. Nb3 Ne7 11. Bf4 Rhe8 12. h3 Bf5 13. g4 Bg6 14. a4 a6 15. O-O h5 16. e4 Bxe4 17. Bxe4 dxe4 18. Qxd7+ Rxd7 19. a5 Ba7 20. Be3 Bxe3 21. fxe3 Ng6 22. Nc5 Rde7 23. e6 fxe6 24. g5 Nh4 25. Nxe4 Rd7 26. Rad1 Nf5 27. Kf2 Rd5 28. Rxd5 exd5 29. Nc5 Rxe3 30. Kg1 g6 31. Rd1 c6 32. Rd3 Re5 33. Kf2 Nd6 34. Re3 Rxg5 35. Re6 Ne4+ 36. Nxe4 dxe4 37. Rxe4 Kd7 38. Kf3 Rd5 39. Ke3 Kd6 40. Rf4 Ke6 41. h4 Rf5 42. Rd4 Re5+ 43. Kf4 Rd5 44. Re4+ Kf7 45. Ke3 Rd1 46. Rf4+ Ke6 47. Re4+ Kd7 48. Ke2 Rd6 49. Ke3 Re6 50. Rxe6 Kxe6 51. Ke4 Kf6 52. Kf4 Kf7 53. Kf3 Ke7 54. Ke3 Kf8 55. Kf2 Kg8 56. Kg2 Kh8 57. Kh2 Kh7 58. Kg3 Kg7 59. Kf3 Kf7 60. Kf4 Kf6 61. c4 Ke6 62. Ke4 Kd6 63. Kf4 Ke7 64. Ke3 Kf8 65. Kf2 Kg8 66. Kg2 Kh8 67. Kh3 Kh7 68. Kg3 Kg7 69. Kf3 Kf7 70. Ke3 Ke7 71. Kf3 Kd7 72. Kf4 Ke6 73. Ke4 Kf6 74. Kf4 c5 75. b5 Ke6 76. Ke4 Kd6 77. Kf4 Ke6 78. Ke4 Kf6 79. Kf4 Kf7 80. Kf3 Kg7 81. Ke4 Kh7 82. Ke3 Kh6 83. Kf4 Kh7 84. Ke3 Kh8 85. Kf3 Kg8 86. Ke3 Kf8 87. Kf2 Ke8 88. Ke2 Kd7 89. Ke3 Ke7 90. Kf3 Kf7 91. Ke3 Kf6 92. Kf4 g5+ 93. hxg5+ Kg6 94. b6 h4 95. Kg4 h3 96. Kxh3 Kxg5 97. Kg3 Kf5 1/2-1/2

[Event "FIDE CB Open 2022"]
[Site "Ceske Budejovice"]
[Date "2022.07.01"]
[Round "1.19"]
[White "Kula, Dominik"]
[Black "Koc, Azra Ece"]
[Result "1-0"]
[ECO "C65"]
[WhiteElo "2229"]
[BlackElo "1867"]
[Annotator "RC"]
[PlyCount "89"]
[EventDate "2022.07.01"]
[EventType "swiss"]
[EventCountry "CZE"]
[SourceTitle "playchess.com"]
[Source "ChessBase"]
[SourceQuality "1"]
[TimeControl "40/5400+30:1800+30"]

1. e4 e5 2. Nf3 Nc6 3. Bb5 Nf6 4. d3 d6 5. c3 Bd7 6. Nbd2 g6 7. a4 Bg7 8. a5 a6 9. Bc4 O-O 10. Nf1 h6 11. Ne3 Kh7 12. Qb3 Qe7 13. O-O Nd8 14. Re1 Ne6 15. Nd5 Nxd5 16. exd5 Ng5 17. Nxg5+ hxg5 18. Qxb7 Rfc8 19. Qb3 g4 20. d4 f5 21. dxe5 dxe5 22. Qc2 c6 23. Qe2 cxd5 24. Bxd5 Bc6 25. Bxc6 Rxc6 26. f3 gxf3 27. Qxf3 Rac8 28. Be3 Qf7 29. Rad1 Qe6 30. Rd2 Rd6 31. Rxd6 Qxd6 32. Rd1 Qe7 33. Bb6 e4 34. Qe2 Qb7 35. Rd6 Bf8 36. Rd4 Bg7 37. Rd1 Rc6 38. Qe3 Rc4 39. Rd8 Bh6 40. Qh3 Qf7 41. Bd4 Rxd4 42. Rxd4 Qa2 43. Rd7+ Kg8 44. Qxh6 Qb1+ 45. Kf2 1-0

[Event "FIDE CB Open 2022"]
[Site "Ceske Budejovice"]
[Date "2022.07.01"]
[Round "1.20"]
[White "Kotleska, Roman"]
[Black "Lacina, Adolf"]
[Result "0-1"]
[ECO "C03"]
[WhiteElo "1863"]
[BlackElo "2225"]
[Annotator "RC"]
[PlyCount "80"]
[EventDate "2022.07.01"]
[EventType "swiss"]
[EventCountry "CZE"]
[SourceTitle "playchess.com"]
[Source "ChessBase"]
[SourceQuality "1"]
[TimeControl "40/5400+30:1800+30"]

1. e4 e6 2. d4 d5 3. Nd2 Be7 4. Ngf3 Nf6 5. Bd3 c5 6. exd5 exd5 7. dxc5 O-O 8. Nb3 Bg4 9. h3 Bh5 10. Be3 a5 11. a4 Qc7 12. O-O Nbd7 13. g4 Bg6 14. Bxg6 hxg6 15. c3 Rad8 16. Nfd4 Ne4 17. Nb5 Qb8 18. Nxa5 Bxc5 19. Nd4 Ne5 20. Nab3 Nc4 21. Qc1 Bd6 22. Ne2 Rfe8 23. Nbd4 Nxe3 24. fxe3 Bc5 25. Kg2 Re7 26. Rf3 Qe5 27. Ng3 Bd6 28. Nf1 Ng5 29. Rf4 Rf8 30. Nf3 Nxf3 31. Rxf3 f5 32. Qc2 Ref7 33. gxf5 Rxf5 34. Rxf5 Rxf5 35. Rd1 Qf6 36. Qe2 Rg5+ 37. Kh1 Qf5 38. Nh2 Qxh3 39. Rd2 Bxh2 40. Qxh2 Qf3+ 0-1

[Event "FIDE CB Open 2022"]
[Site "Ceske Budejovice"]
[Date "2022.07.01"]
[Round "1.21"]
[White "Cuhra, Martin"]
[Black "Simacek, Vaclav"]
[Result "1-0"]
[ECO "A22"]
[WhiteElo "2225"]
[BlackElo "1856"]
[Annotator "RC"]
[PlyCount "81"]
[EventDate "2022.07.01"]
[EventType "swiss"]
[EventCountry "CZE"]
[SourceTitle "playchess.com"]
[Source "ChessBase"]
[SourceQuality "1"]
[TimeControl "40/5400+30:1800+30"]

1. c4 e5 2. Nc3 Nf6 3. g3 d5 4. cxd5 Nxd5 5. Bg2 c6 6. d3 Bc5 7. Nxd5 cxd5 8. Qb3 Be6 9. Qxb7 Nd7 10. Nf3 Rb8 11. Qc6 Rb6 12. Qa4 Rb4 13. Qc2 e4 14. Ng5 e3 15. f4 h6 16. Nxe6 fxe6 17. a3 Rb8 18. O-O O-O 19. b4 Bd4 20. Bb2 Qf6 21. Bxd4 Qxd4 22. Rac1 Nf6 23. Qc3 Qb6 24. d4 Rfc8 25. Qxe3 Rc4 26. Rxc4 dxc4 27. Rc1 Rc8 28. Bh3 Kf7 29. f5 exf5 30. Bxf5 Re8 31. Qf2 g6 32. Bb1 Rc8 33. e4 Kg7 34. e5 Nd5 35. Rf1 Qe6 36. Be4 Rc7 37. Qf8+ Kh7 38. Qd6 Qxd6 39. exd6 Rd7 40. Bxd5 c3 41. Bc6 1-0

[Event "FIDE CB Open 2022"]
[Site "Ceske Budejovice"]
[Date "2022.07.01"]
[Round "1.22"]
[White "Blumel, Otto"]
[Black "Hiermann, Dietmar"]
[Result "1-0"]
[ECO "C56"]
[WhiteElo "1855"]
[BlackElo "2224"]
[Annotator "RC"]
[PlyCount "71"]
[EventDate "2022.07.01"]
[EventType "swiss"]
[EventCountry "CZE"]
[SourceTitle "playchess.com"]
[Source "ChessBase"]
[SourceQuality "1"]
[TimeControl "40/5400+30:1800+30"]

1. e4 e5 2. Nf3 Nc6 3. Bc4 Bc5 4. O-O Nf6 5. d4 exd4 6. e5 d5 7. Bb5 Ne4 8. Nxd4 Bd7 9. Bxc6 bxc6 10. Be3 Bb6 11. Nd2 Nxd2 12. Qxd2 c5 13. Nb3 d4 14. Bg5 Qc8 15. c3 h6 16. Bh4 Bb5 17. Rfd1 Ba4 18. cxd4 Bxb3 19. axb3 cxd4 20. Qb4 g5 21. Bg3 c5 22. Qb5+ Qd7 23. Qxb6 axb6 24. Rxa8+ Ke7 25. Rxh8 Qe6 26. Ra1 Qxb3 27. Rxh6 d3 28. Rd6 Qxb2 29. Ra7+ Kf8 30. h3 d2 31. Rad7 Qb1+ 32. Kh2 c4 33. e6 fxe6 34. Be5 Qf5 35. Rd8+ Kf7 36. R6d7+ 1-0

[Event "FIDE CB Open 2022"]
[Site "Ceske Budejovice"]
[Date "2022.07.01"]
[Round "1.23"]
[White "Abdulla, Khayala"]
[Black "Musil, Vitezslav"]
[Result "1/2-1/2"]
[ECO "C12"]
[WhiteElo "2207"]
[BlackElo "1834"]
[Annotator "RC"]
[PlyCount "96"]
[EventDate "2022.07.01"]
[EventType "swiss"]
[EventCountry "CZE"]
[SourceTitle "playchess.com"]
[Source "ChessBase"]
[SourceQuality "1"]
[TimeControl "40/5400+30:1800+30"]

1. e4 e6 2. d4 d5 3. Nc3 Nf6 4. Bg5 Bb4 5. e5 h6 6. Bd2 Bxc3 7. bxc3 Ne4 8. Qg4 Kf8 9. Bd3 Nxd2 10. Kxd2 c5 11. h4 Nc6 12. Rh3 c4 13. Be2 b5 14. Rg3 Rg8 15. a3 a5 16. Qf4 Ne7 17. Rf3 Nf5 18. g4 g5 19. hxg5 hxg5 20. Qh2 Nh4 21. Rf6 Rg6 22. Rxg6 fxg6 23. Nf3 Ra7 24. Nxh4 gxh4 25. Qf4+ Kg8 26. g5 Rh7 27. Rh1 Qf8 28. Rxh4 Rxh4 29. Qxh4 Bd7 30. Bg4 b4 31. axb4 axb4 32. Bd1 bxc3+ 33. Ke1 Qf7 34. Qg3 Qf5 35. Qxc3 Qxg5 36. Qg3 Qxg3 37. fxg3 Kg7 38. Kd2 Be8 39. Kc3 Kf8 40. Kb4 Ke7 41. c3 g5 42. Kc5 Bg6 43. Bf3 Bf7 44. g4 Kd7 45. Bd1 Kc7 46. Bc2 Kd7 47. Kb6 Ke7 48. Kc7 Be8 1/2-1/2